Cogmind - Beta 16 @@@ ROGUE MODE // 2025.12.13 @ 16:26:58 Player: Andru7428 Result: Destroyed by D-53 Grenadier with Mini Grenade Launcher Performance ------------- Evolutions (0) 0 Regions Visited (2) 400 Robots Destroyed (15) 75 Value Destroyed (184) 184 Prototype IDs (2) 40 Alien Tech Used (0) 0 Bonus (0) 0 TOTAL SCORE: 699 Bonus ------- None Cogmind --------- Core Integrity 0/250 Matter 275/300 Energy 57/100 System Corruption 5% Temperature Cool (0) Movement Treading (160) Location -10/Mines Parts ------- > --- POWER (1) -------- (None) > --- PROPULSION (2) --- Light Treads Light Treads > --- UTILITY (2) ------ Large Storage Unit > --- WEAPON (2) ------- Mining Claw > --- INVENTORY (15) --- Light Ion Engine Light Deuterium Engine Light Treads Light Treads Compact Matter Pod (150) Seismic Detector Targeting Computer Light Armor Plating Light Armor Plating Light Armor Plating Light Armor Plating Peak State ------------ > --- POWER ------------ Ion Engine > --- PROPULSION ------- Light Treads Light Treads > --- UTILITY ---------- Large Storage Unit Seismic Detector > --- WEAPON ----------- Particle Gun Light Assault Rifle > --- INVENTORY -------- Light Ion Engine Light Treads Light Treads Aluminum Leg Aluminum Leg Aluminum Leg Compact Wheel Signal Interpreter Targeting Computer ECM Suite Small Laser Beam Cannon Light Assault Rifle Mining Claw [Rating: 9] Favorites ----------- Power Ion Engine Engine Ion Engine Propulsion Light Treads Treads Light Treads Utility Large Storage Unit Device Seismic Detector Storage Large Storage Unit Weapon Particle Gun Energy Gun Particle Gun Energy Cannon Beam Cannon Ballistic Gun Light Assault Rifle Slashing Weapon Mining Claw Build | -11 -10 -10 ------- Run | Yrd Mat Min Slots Evolved . | . . . Power . | . . . Propulsion . | . . . Utility . | . . . Weapon . | . . . Parts Attached 17 | 7 5 5 Power 1 | 1 . . Engine 1 | 1 . . Core . | . . . Reactor . | . . . Propulsion 6 | 2 1 3 Treads 6 | 2 1 3 Leg . | . . . Wheel . | . . . Hover . | . . . Flight . | . . . Utility 4 | 2 1 1 Device 2 | 1 . 1 Storage 2 | 1 1 . Processor . | . . . Hackware . | . . . Protection . | . . . Artifact . | . . . Weapon 6 | 2 3 1 Energy Gun 2 | 1 1 . Energy Cannon 1 | . 1 . Ballistic Gun 2 | 1 . 1 Ballistic Cannon . | . . . Launcher . | . . . Special Weapon . | . . . Impact Weapon . | . . . Slashing Weapon 1 | . 1 . Piercing Weapon . | . . . Special Melee Weapon . | . . . Unidentified Prototypes . | . . . Parts Lost 8 | . . 8 Power 1 | . . 1 Propulsion 2 | . . 2 Utility 1 | . . 1 Weapon 4 | . . 4 Highest Loss Streak 6 | . . 6 To Critical Strikes . | . . . Average Backups 12 | 4 12 14 Power . | . 1 1 Propulsion 4 | 3 4 4 Utility 4 | . 3 6 Weapon 2 | . 3 3 Tool/Special . | . . . Unused Backups 18 | . 9 9 Power 1 | . . 1 Propulsion 8 | . 7 1 Utility 9 | . 2 7 Weapon . | . . . Tool/Special . | . . . Average Slot Usage (%) 96 | . 95 98 Engine 13 | . 14 13 Treads 28 | . 28 28 Device 11 | . 10 13 Storage 14 | . 14 14 Energy Gun 14 | . 14 14 Energy Cannon 6 | . 5 9 Ballistic Gun 6 | . 7 3 Peak Build Rating 9 | 7 9 9 Average Rating 8 | 4 8 8 On Entrance 5 | . 7 9 Avg Prop Armor Cover (%) . | . . . Naked Turns . | . . . Heaviest Build 32 | 13 32 32 Greatest Support 40 | 40 40 40 Greatest Overweight (x) . | . . . Average Overweight (x) . | . . . Largest Inventory Capacity 15 | 8 15 15 Average Capacity 14 | 7 14 15 Most Carried 15 | 8 15 15 Average Carried 12 | 5 12 14 Final Capacity 15 | 8 15 15 Final Carried 15 | 6 15 11 Class Distribution -------------------- 100% | Mutant Dominant Class ---------------- Mutant | -10/Materials Mutant | -10/Mines Resources | -11 -10 -10 ----------- Run | Yrd Mat Min Matter Collected 480 | 283 155 42 Remotely . | . . . Salvage Created 471 | 118 324 29 Parts 34 | 10 24 . Haulers Intercepted 2 | . 2 . Recyclers Shooed . | . . . Parts Field Recycled . | . . . Retrieved Matter . | . . . Parts Self-Destructed . | . . . Prevented . | . . . Parts Restored . | . . . Kills | -11 -10 -10 ------- Run | Yrd Mat Min Combat Hostiles Destroyed 10 | . 7 3 Guns 8 | . 5 3 Cannons 2 | . 2 . Classes Destroyed 8 | 3 4 1 Worker 1 | 1 . . Tunneler 2 | 2 . . Hauler 2 | . 2 . Recycler 1 | 1 . . Watcher 2 | . 2 . Swarmer 6 | . 6 . Grunt 1 | . 1 . Assembled 3 | . . 3 Best Kill Streak 3 | 2 2 3 Combat Bots Only 3 | . 2 3 Max Kills in Single Turn 1 | 1 1 1 Gunslinging . | . . . Exploded . | . . . Melee . | . . . Uniques/NPCs Destroyed . | . . . Combat | -11 -10 -10 -------- Run | Yrd Mat Min Hostile Shots Fired 91 | . 66 25 Missed 16 | . 11 5 Hits 75 | . 55 20 Melee 11 | . . 11 Projectile 64 | . 55 9 AOE 9 | . . 9 Damage Taken 1181 | . 498 683 Core 255 | . 151 104 Absorbed by Shields . | . . . Core Remaining (%) 100 | 100 . . Volleys Fired 67 | 13 40 14 Largest 2 | 2 2 2 Hottest 125 | 60 125 125 Shots Fired 130 | 25 77 28 Gun 114 | 25 62 27 Cannon 16 | . 15 1 Launcher . | . . . Special . | . . . Kinetic 43 | 13 22 8 Thermal 87 | 12 55 20 Explosive . | . . . Electromagnetic . | . . . Robot Hit Streak 7 | 7 6 5 Robot Miss Streak 6 | 3 6 2 Penetration Max . | . . . Secondary Targets . | . . . Shots Hit Robots 71 | 16 38 17 Core Hits 31 | 7 17 7 Critical Kills . | . . . Critical Parts Destroyed . | . . . Critical Strikes . | . . . Melee Attacks 4 | . 3 1 Impact . | . . . Slashing 4 | . 3 1 Piercing . | . . . Sneak Attacks . | . . . Combat Hostiles . | . . . Follow-up Attacks . | . . . Damage Inflicted 889 | 166 534 189 Guns 734 | 166 396 172 Cannons 155 | . 138 17 Explosions . | . . . Melee . | . . . Ramming . | . . . Kinetic 209 | 73 98 38 Thermal 680 | 93 436 151 Explosive . | . . . Electromagnetic . | . . . Impact . | . . . Slashing . | . . . Piercing . | . . . Highest Corruption 5 | . . 5 Average Corruption 5 | . . 5 Corruption Purged . | . . . Corruption Blocked . | . . . Effects 3 | . . 3 Energy Discharges 2 | . . 2 Misfires 1 | . . 1 Overload Shots . | . . . Overflow Damage 39 | . 39 . Projectiles 39 | . 39 . Explosions . | . . . Melee . | . . . Knockbacks . | . . . Impact . | . . . Kinetic . | . . . Secondary . | . . . Self-Inflicted Damage . | . . . Shots . | . . . Rammed . | . . . Targets Rammed . | . . . Kicked . | . . . Crushed . | . . . Highest Temperature 409 | 20 409 135 Average Temperature 97 | 15 113 83 Received Heat Transfer 72 | . 72 . Effects 3 | . 3 . Shutdowns 2 | . 2 . Matter Decay 1 | . 1 . Siege Activations . | . . . Martial Activations . | . . . Shielding Activations . | . . . Robots Disrupted . | . . . Combat Hostiles . | . . . Robots Corrupted . | . . . Combat Hostiles . | . . . Parts Fried . | . . . Impact Corruptions . | . . . Robots Melted . | . . . Combat Hostiles . | . . . Parts Melted . | . . . Heat Transferred 1537 | 200 978 359 Parts Sabotaged . | . . . Parts Stolen . | . . . Parts Stripped . | . . . Power Chain Reactions . | . . . Alert | -11 -10 -10 ------- Run | Yrd Mat Min Maximum Alert Level . | . . . Low Security (%) 100 | 100 100 100 Level 1 . | . . . Level 2 . | . . . Level 3 . | . . . Level 4 . | . . . Level 5 . | . . . High Security . | . . . Max Security . | . . . Peak Influence 130 | 5 130 21 Initial 21 | . . 21 Average 18 | 1 29 1 Influence Increases 352 | 20 332 . Destroy 0b10 Robot/C 140 | . 140 . Destroy 0b10 Robot/NC 40 | 20 20 . Destroy Leader 38 | . 38 . Successful Hack 26 | . 26 . Disable Machine 30 | . 30 . Destroy Structure 3 | . 3 . Lose Combat Pursuer 75 | . 75 . Influence Decreases 352 | 20 277 55 Entered New Map 34 | . . 34 Time Decay 318 | 20 277 21 Squads Dispatched . | . . . Investigation . | . . . Extermination . | . . . Reinforcement . | . . . Assault . | . . . Garrison . | . . . Intercept . | . . . Searches Triggered . | . . . Construction Impeded . | . . . Haulers Reinforced . | . . . Active Scanning Responses . | . . . Cargo Convoy Interrupts . | . . . Stealth | -11 -10 -10 --------- Run | Yrd Mat Min Distress Signals 1 | . 1 . Communications Jammed . | . . . Distress Signals . | . . . Times Spotted 23 | . 16 7 Peak Tracking Total 5 | . 4 5 Tactical Retreats 4 | . 4 . Traps | -11 -10 -10 ------- Run | Yrd Mat Min Traps Triggered . | . . . Indirectly . | . . . Trap Hack Attempts . | . . . Triggered . | . . . Disarmed . | . . . Reprogrammed . | . . . Reused . | . . . Traps Extracted . | . . . Installed . | . . . Triggered . | . . . Machines | -11 -10 -10 ---------- Run | Yrd Mat Min Machines Disabled 2 | . 2 . Max in Single Turn 1 | . 1 . Machines Repaired . | . . . Machines Dismantled . | . . . Machines Sabotaged . | . . . Overloaded Fab Kills . | . . . Hacking | -11 -10 -10 --------- Run | Yrd Mat Min Machines Accessed 6 | . 6 . Terminals 6 | . 6 . Fabricators . | . . . Repair Stations . | . . . Recycling Units . | . . . Scanalyzers . | . . . Garrison Access . | . . . Total Hacks 29 | . 29 . Successful 18 | . 18 . Failed 10 | . 10 . Catastrophic 1 | . 1 . Database Lockouts 1 | . 1 . Manual 21 | . 21 . Terminals 29 | . 29 . Fabricators . | . . . Repair Stations . | . . . Recycling Units . | . . . Scanalyzers . | . . . Garrison Access . | . . . Terminal Hacks 8 | . 8 . Robot Analysis 1 | . 1 . Prototype ID Bank 1 | . 1 . Terminal Index 1 | . 1 . Alert Level 1 | . 1 . Locate Traps 1 | . 1 . Hauler Manifests 1 | . 1 . Registered Components 1 | . 1 . Zone Layout 1 | . 1 . Fabricator Hacks . | . . . Repair Station Hacks . | . . . Recycling Unit Hacks . | . . . Scanalyzer . | . . . Garrison Access Hacks . | . . . Unauthorized Hacks 10 | . 10 . Terminals 10 | . 10 . Botnet 3 | . 3 . Operators 2 | . 2 . Skim 5 | . 5 . Fabricators . | . . . Repair Stations . | . . . Recycling Units . | . . . Scanalyzers . | . . . Garrison Access . | . . . Data Cores Recovered . | . . . Used . | . . . Hacking Detections 6 | . 6 . Full Trace Events . | . . . Feedback Events . | . . . Feedback Blocked . | . . . Robot Schematics Acquired . | . . . Robots Built . | . . . Authchips . | . . . Time . | . . . Total Robot Build Rating . | . . . Part Schematics Acquired . | . . . Parts Built . | . . . Authchips . | . . . Time . | . . . Total Part Build Rating . | . . . Part Studies Acquired . | . . . Parts Repaired . | . . . Time . | . . . Parts Recycled . | . . . Recycled Matter . | . . . Retrieved Matter . | . . . Retrieved Components . | . . . Parts Scanalyzed . | . . . Part Schematics Acquired . | . . . Parts Damaged . | . . . Bothacking | -11 -10 -10 ------------ Run | Yrd Mat Min Used RIF Installer . | . . . Robots Hacked . | . . . Non-combat . | . . . Combat . | . . . Robot Hacks Applied . | . . . Relay Couplers Released . | . . . Fabnet Peak Effective % . | . . . Robots Rewired . | . . . Allies Hacked . | . . . Hacks Repelled . | . . . Allies | -11 -10 -10 -------- Run | Yrd Mat Min Total Allies . | . . . Largest Group . | . . . Highest-Rated Group . | . . . Highest-Rated Ally . | . . . Total Orders . | . . . Ally Attacks . | . . . Total Damage . | . . . Kills . | . . . Allies Corrupted . | . . . Allies Melted . | . . . Intel | -11 -10 -10 ------- Run | Yrd Mat Min Active Infowar (turns) 1151 | 53 750 348 Seismic 1151 | 53 750 348 Robot Analysis Total 1 | . 1 . Derelict Logs Recovered 1 | . . 1 Drone Launches . | . . . Drone Recoveries . | . . . Exploration | -11 -10 -10 ------------- Run | Yrd Mat Min Turns Passed 1670 | 162 1029 479 Spaces Moved 833 | 70 499 264 Core 2 | 2 . . Treads 831 | 68 499 264 Legs . | . . . Wheels . | . . . Hover . | . . . Flight . | . . . Fastest Speed 50 | 50 160 160 Average Speed 159 | 156 160 160 Slowest Speed 160 | 160 160 160 Overloaded Moves . | . . . Propulsion Burnouts . | . . . Robots Hopped . | . . . Potential Cave-ins . | . . . Cave-ins Triggered . | . . . Exploration Rate (%) 38 | 5 69 41 Regions Visited 2 Branch Regions 1 Pre-discovered Areas 2 | . 1 1 Known Exits Taken . | . . . Unknown Exits Taken 2 | 1 1 . Scrap Searched 1 | . . 1 Spaces Dug 2 | . 2 . Terrain Destroyed 2 | . 2 . Melee 2 | . 2 . Projectile . | . . . AOE . | . . . Terrain Rammed . | . . . Walls Destroyed . | . . . Machines Disabled . | . . . Actions | -11 -10 -10 --------- Run | Yrd Mat Min Total 1046 | 97 655 294 Wait 81 | . 78 3 Move 831 | 69 498 264 Hop . | . . . Pick Up 27 | 8 17 2 Fast Attach 5 | 5 . . Attach 8 | 2 1 5 Detach 1 | . 1 . Swap 8 | . 6 2 Drop 14 | . 11 3 Fire 67 | 13 40 14 Melee 4 | . 3 1 Ram . | . . . Kick . | . . . Crush . | . . . Escape Stasis . | . . . Rewire . | . . . Trap . | . . . Miscellaneous . | . . . Route ------- -11/Scrapyard -10/Materials (discovered 3 exits: [*Mat x2] / [*Min]) -10/Mines History --------- Turn | Location | Event 18 | -11/Scrapyard | Discovered new exit (range 15) 163 | -11/Scrapyard | Entered Materials 249 | -10/Materials | Discovered new exit (range 16) 313 | -10/Materials | Build established: Mutant 375 | -10/Materials | Discovered new exit (range 9) 537 | -10/Materials | Central database locked down 702 | -10/Materials | Learned location of Mines (-9) 722 | -10/Materials | Discovered new exit (range 16) 758 | -10/Materials | Learned Storage emergency access door positions 804 | -10/Materials | Learned Storage security intel 840 | -10/Materials | Learned 4 Recycling zone layouts 867 | -10/Materials | Learned location of 2 exits from Subcaves 917 | -10/Materials | Learned 2 Storage zone layouts 1012 | -10/Materials | Learned Storage stockpile data 1127 | -10/Materials | Core integrity fell below 50% 1192 | -10/Materials | Entered Mines 1467 | -10/Mines | Assembled infested the area 1472 | -10/Mines | Assisted by a Guerilla fighting off Assembled 1627 | -10/Mines | Learned location of Zion (-6) 1662 | -10/Mines | Core integrity fell below 20% 1671 | -10/Mines | Destroyed by D-53 Grenadier with Mini Grenade Launcher Last Messages --------------- 01615_ Acquired 22 matter. 01627_ Acquired derelict log, extracted data. World map updated: -6/Zion. 01628_ System corrupted: Energy discharge (-67). 01631_ The unstable cave ceiling collapses. 01644_ U-05 Engineer builds a Wall. 01644_ K-01 Serf collects debris. 01648_ The unstable cave ceiling collapses. 01658_ Ion Engine destroyed. 01658_ Particle Gun destroyed. 01659_ Heat Sink destroyed. 01661_ Lgt. Treads destroyed. 01663_ The unstable cave ceiling collapses. 01665_ Lgt. Assault Rifle destroyed. 01665_ D-53 Grenadier destroyed. 01666_ The unstable cave ceiling collapses. 01669_ D-53 Grenadier Lgt. Deuterium Engine ripped off. 01670_ System corrupted: Energy discharge (-17). 01670_ The unstable cave ceiling collapses. Map ----- +----------------------------------------------------+ | ?????????????????????????????????????????????????? | | ?????????????????????????????????????????????????? | | ?????????????????????????????????????????????????? | | ?????????????????????????????????????????????????? | | ?????????????????????????????????????????????????? | | ?????????????????????????????????????????????????? | | ?????????????????????????????????????????????????? | | ?????????#???????????????????????????????????????? | | ????????? ??????????????????????????????????????? | | ?????????# #?????????????????????????????????????? | | ?????????? ????????????????????????????????????? | | ?????????? ???????????##?# ???????????????????? | | ??????????? ?##?#?#???# ## ???????????????????? | | ?????????### ? ? ?? # ????????????????????? | | ???????? ? # # ? ? ???????????????????? | | ????#### #?? ## ? ? ???????????????????? | | ????# #??? %[ # ??????????????????? | | ????#%####???? = # ???????????????????? | | ????#%#???????# ?????????????????????? | | ????#%#???????# #* # #???????????????????? | | ??###!#####???# % # #?????????????????????? | | ??# = #???# # ##### ###???????????????????? | | ??# """#???# # #??### # #???????????????????? | | ??# """#???# # #### d #???????????????????? | | ??# """#???# # ## ##??????????????????? | | ??# #???# # ## @ #??????????????????? | | ??# #???# # ##??????????????????? | | ??# #??## # #???????????????????? | | ??###### ##??# #??????????????????? | | ???????# #???# """ # #??????????????????? | | ???????# ##### """ ##??????????????????? | | ???????# " ##???????????????????? | | ???????##### ## ##????????????????????? | | ???????????# ### # k## ###?????????????????????? | | ???????????# #?# ##% ####???????????????????????? | | ???????????# #?### ## #???????????????????????? | | ???????????# #### ### ##???????????????????????? | | ???????????# ###??????????????????????? | | ???????????########## #####??????????????????? | | ????????????????????# ##?????????????????? | | ????????????????????# #?????????????????? | | ???????????????????## % #?????????????????? | | ???????#####??????## ## ##?????????????????? | | ??????## ####???# ##? #??????????????????? | | ??????# ##### #??? #??????????????????? | | ??????# #????#??????????????????? | | ??????# ##???????????????????????? | | ??????## ##### ###????????????????????????? | | ???????### ##?# #??????????????????????????? | | ?????????## ### #??????????????????????????? | +----------------------------------------------------+ Best States ------------- Heat Dissipation 35 Energy Generation 10 Energy Capacity 250 Matter Stores 300 Matter Capacity 300 Sight Range 16 Terrain Scan Density 10 Evasion (%) 40 Recoil Reduction 2 Item Schematics ----------------- None Robot Schematics ------------------ None Fabricated ------------ Nothing Repaired ---------- Nothing Studied --------- None Alien Tech Used ----------------- None Achievements -------------- None Challenges ------------ None Game ------ Seed JunkTiamatSlayer Manual? 0 Play Time 00:13:35 Cumulative 404.2 hours Start 2025.12.13 @ 14:52:47 End 2025.12.13 @ 16:26:58 Sessions 3 Manual Loads 0 Difficulty Rogue Special Mode None Game No. 252 Rogue 252 Adventurer 0 Explorer 0 Win Type - Total 10 Types 9/0/1/0/0/0/0/0/0/0 Lore% 79 Gallery% 75 Achievement% 48 Wizard Run 0 Options --------- Layout 1 ASCII 0 Keyboard 1 Movement Numpad Keybinds 0 Fullscreen 2 Font 24/Smallcaps Map View 50x35 Zoom Use 0% Tactical HUD 1 Map Filters NONE Filters NONE Steam 1 RUN: 8c13e4e5-c876-49ab-9080-a30be773e50a